 Dungeon Crawl Stone Soup version 0.18.1-8-gdd0e5ea (webtiles) character file.

1612 deorigin the Transmogrifier (level 8, -16/59 HPs)
             Began as a Black Draconian Transmuter on June 5, 2016.
             Was a Believer of Makhleb.
             Demolished by an ogre
             ... wielding a +0 giant club
              (19 damage)
             ... on level 7 of the Dungeon.
             The game lasted 00:14:15 (7237 turns).

deorigin the Transmogrifier (DrTm)                  Turns: 7237, Time: 00:14:17

Health: -16/59     AC:  2    Str: 14    XL:     8   Next: 63%
Magic:  8/11       EV: 19    Int: 15    God:    Makhleb [**....]
Gold:   144        SH:  2    Dex: 16    Spells: 4 memorised, 0 levels left

rFire  + . .     SeeInvis .       - Unarmed
rCold  . . .     Gourm    .     (armour unavailable)
rNeg   + . .     Faith    .     (shield currently unavailable)
rPois  x         Spirit   .     (helmet currently unavailable)
rElec  .         Dismiss  .     (cloak currently unavailable)
rCorr  .         Reflect  +     (gloves currently unavailable)
SustAt .         Harm     .     (boots currently unavailable)
MR     .....                    G - +2 amulet of reflection
Stlth  +.........               A - ring of protection from fire
                                d - ring of positive energy

@: short of breath, spider-form, not resistant to hostile enchantments, very
unstealthy
A: (breathe lightning), unfitting armour, (electricity resistance),
(cold-blooded), AC +6
a: End Transformation, Minor Destruction, Renounce Religion


You were on level 7 of the Dungeon.
You worshipped Makhleb.
Makhleb was pleased with you.
You were not hungry.
You were a venomous arachnid creature.
You visited 1 branch of the dungeon, and saw 7 of its levels.

You collected 312 gold pieces.
You spent 168 gold pieces at shops.

Inventory:

Hand Weapons
 k - a +0 dagger
 v - a +1 flail of protection (melded)
 C - a +0 dagger of protection
Missiles
 a - 157 arrows
 u - 16 poisoned needles
 x - 7 tomahawks (quivered)
Armour
 j - a +0 pair of gloves (melded)
 t - a +1 hat (melded)
 H - a +0 pair of boots (melded)
Jewellery
 d - a ring of positive energy (left front leg)
 o - an uncursed ring of fire
 A - a ring of protection from fire (right front leg)
 G - a +2 amulet of reflection (around neck)
Wands
 K - a wand of teleportation (3/9)
Scrolls
 e - a scroll of immolation {unknown}
 f - a scroll of blinking {unknown}
 i - 2 scrolls of random uselessness {unknown}
 m - a scroll of recharging {unknown}
 r - a scroll of teleportation {unknown}
 y - a scroll of noise {unknown}
 B - 2 scrolls of remove curse {unknown}
 I - 2 scrolls of magic mapping {unknown}
Potions
 p - 2 potions of heal wounds
 q - a potion of resistance
 s - 2 potions of haste
 w - a potion of cancellation
 z - 4 potions of cure mutation
 D - a potion of magic
 E - 5 potions of curing
 F - a potion of might
 J - 4 potions of brilliance
Books
 b - a book of Changes

   Spells                             Type                      Level
   a - Beastly Appendage              Transmutation                1
   b - Sticks to Snakes               Transmutation                2
   c - Spider Form                    Transmutation/Poison         3
   d - Ice Form                       Ice/Transmutation            4
   e - Blade Hands                    Transmutation                5
Comestibles
 c - 5 bread rations
 g - 2 meat rations
 h - 3 chunks of flesh
 n - 3 beef jerkies


   Skills:
 - Level 1.1 Fighting
 - Level 1.7 Dodging
 - Level 3.0 Unarmed Combat
 + Level 2.0 Spellcasting
 - Level 10.7 Transmutations
 - Level 2.2 Poison Magic


You couldn't memorise any spells.
You knew the following spells:

 Your Spells              Type           Power        Failure   Level  Hunger
a - Beastly Appendage     Trmt           ####..       3%          1    #......
b - Sticks to Snakes      Trmt           ####....     3%          2    ###....
c - Spider Form           Trmt/Pois      ###.......   14%         3    ###....
d - Blade Hands           Trmt           ####......   24%         5    ######.


Dungeon Overview and Level Annotations

Branches:
Dungeon (7/15)             Temple (0/1) D:4

Altars:
Elyvilon
Fedhas
Makhleb
Okawaru
Ru
Sif Muna
Vehumet
The Shining One

Shops:
D:5 }   D:6 ?

Annotations:
D:4 Sigmund


Innate Abilities, Weirdness & Mutations

((You can breathe wild blasts of lightning.))
((Your glossy black scales are hard (AC +6).))
Your body does not fit into most forms of armour.
((You are resistant to electric shocks.))
((You are cold-blooded and may be slowed by cold attacks.))


Message History

Your +0 pair of boots melds into your body.
You feel less protected. The ogre misses you.
You hit the ogre.
The ogre is poisoned.
The ogre is lightly wounded.
The ogre closely misses you.
You hit the ogre but do no damage.
The ogre looks even sicker.
The ogre is lightly wounded.
You hit the ogre but do no damage.
The ogre is moderately wounded.
The ogre hits you with a giant club!!
Ouch! That really hurt!
You hit the ogre.
The ogre is heavily wounded.
The ogre hits you with a giant club!!
* * * LOW HITPOINT WARNING * * *
You hit the ogre.
The ogre is severely wounded.
The ogre hits you with a giant club!!
You die...

+ .. .$. ### .... ##.## .#
.....####...##.# ..
.............#.## .#
......Os........# .#
.....#####...#.># .# ...
##..#..# .# . ####..#..#
.# #+# #........# .# #.#
#.##..##.# .# #.#
#.###.##..##.# ##
##.###............#
########...######.########


You could see an ogre.

Vanquished Creatures
  2 ice beasts (D:5)
  2 sky beasts (D:6)
  An ogre (D:5)
  A necrophage (D:6)
  A centaur (D:5)
  2 giant frogs (D:6)
  2 crimson imps (D:6)
  2 orc priests (D:5)
  2 centaur skeletons
  3 hounds
  A jelly (D:4)
  3 orc wizards
  A giant frog skeleton (D:4)
  An iguana (D:6)
  8 worker ants
  A hound skeleton (D:5)
  4 gnolls
  9 adders
  An ooze (D:5)
  2 worms
  3 dart slugs
  5 giant geckos
  10 orcs
  8 bats
  10 giant cockroaches
  3 goblins
  9 hobgoblins
  2 jackals (D:7)
  A quokka (D:2)
  2 ball pythons
  A giant gecko zombie (D:5)
  6 giant newts
  A jackal skeleton (D:6)
  A kobold (D:2)
  5 rats
116 creatures vanquished.

Notes
Turn   | Place    | Note
--------------------------------------------------------------
     0 | D:1      | deorigin the Draconian Transmuter began the quest for the Orb.
     0 | D:1      | Reached XP level 1. HP: 16/16 MP: 3/3
   285 | D:1      | Reached XP level 2. HP: 23/23 MP: 5/5
   291 | D:1      | Learned a level 2 spell: Sticks to Snakes
   439 | D:1      | Reached skill level 3 in Transmutations
   835 | D:1      | Reached XP level 3. HP: 21/28 MP: 4/6
   844 | D:1      | Learned a level 3 spell: Spider Form
  1054 | D:2      | Reached skill level 1 in Poison Magic
  1733 | D:2      | Reached XP level 4. HP: 32/35 MP: 5/7
  2100 | D:3      | Reached skill level 4 in Transmutations
  2239 | D:3      | Found a burning altar of Makhleb.
  2239 | D:3      | Noticed a blizzard demon
  2242 | D:3      | Noticed a hellwing
  2242 | D:3      | Noticed a ynoxinul
  2244 | D:3      | Became a worshipper of Makhleb the Destroyer
  2346 | D:3      | Found a glowing golden altar of the Shining One.
  2543 | D:3      | Reached XP level 5. HP: 32/40 MP: 8/8
  2971 | D:4      | Reached skill level 5 in Transmutations
  3539 | D:4      | Found a staircase to the Ecumenical Temple.
  3588 | D:4      | Reached XP level 6. HP: 39/47 MP: 9/9
  3972 | D:4      | Noticed an orc warrior
  3996 | D:4      | Noticed Sigmund
  4004 | D:5      | Entered Level 5 of the Dungeon
  4145 | D:5      | Reached skill level 6 in Transmutations
  4282 | D:5      | Found a radiant altar of Vehumet.
  4349 | D:5      | Noticed an ice beast
  4358 | D:5      | Killed an ice beast
  4358 | D:5      | Reached * piety under Makhleb
  4664 | D:5      | Found a blossoming altar of Fedhas.
  4695 | D:5      | Reached skill level 7 in Transmutations
  4747 | D:5      | Noticed an ice beast
  4750 | D:5      | Your scales start taking on a glossy black colour.
  4750 | D:5      | Reached XP level 7. HP: 52/52 MP: 6/10
  4750 | D:5      | Gained mutation: You are resistant to electric shocks. [Black Draconian growth]
  5006 | D:5      | Reached skill level 8 in Transmutations
  5031 | D:5      | Found Suats's Gadget Boutique.
  5063 | D:5      | Found a white marble altar of Elyvilon.
  5193 | D:5      | Found an iron altar of Okawaru.
  5826 | D:5      | Reached skill level 9 in Transmutations
  5845 | D:5      | Found a sacrificial altar of Ru.
  5865 | D:5      | Found a deep blue altar of Sif Muna.
  6068 | D:6      | Reached XP level 8. HP: 33/59 MP: 9/11
  6232 | D:6      | Learned a level 5 spell: Blade Hands
  6438 | D:6      | Reached ** piety under Makhleb
  6538 | D:6      | Reached skill level 10 in Transmutations
  6925 | D:6      | Found Teklug's Magic Scroll Shop.
  6970 | D:6      | Bought a scroll of identify for 24 gold pieces
  6970 | D:6      | Bought a scroll of identify for 24 gold pieces
  6970 | D:6      | Bought a scroll of identify for 24 gold pieces
  6970 | D:6      | Bought a scroll of identify for 24 gold pieces
  6970 | D:6      | Bought a scroll of identify for 24 gold pieces
  6970 | D:6      | Bought a scroll of identify for 24 gold pieces
  6970 | D:6      | Bought a scroll of identify for 24 gold pieces
  7236 | D:7      | HP: 2/59 [ogre/giant club (18)]
  7237 | D:7      | Demolished by an ogre

Skill      XL: |  1  2  3  4  5  6  7  8 |
---------------+-------------------------+-----
Transmutations | 3 4 5 7 9 10 | 10.7
Poison Magic   | 2 |  2.2
Fighting       | |  1.1
Dodging        | |  1.7
Unarmed Combat | |  3.0
Spellcasting   | |  2.0

Action                   |  1- 3 |  4- 6 |  7- 9 || total
-------------------------+-------+-------+-------++-------
Melee: Unarmed           |    94 |    95 |   129 ||   318
       Punch             |     2 |     2 |       ||     4
       Tailslap          |    16 |     7 |     7 ||    30
       Dagger            |    54 |       |       ||    54
       Kick              |     4 |       |       ||     4
       Headbutt          |     2 |       |       ||     2
       Flail             |       |    70 |    80 ||   150
Throw: Tomahawk          |       |       |     1 ||     1
 Cast: Beastly Appendage |     3 |     1 |       ||     4
       Spider Form       |     2 |    13 |    14 ||    29
 Abil: Breathe Lightning |       |       |     4 ||     4
  Use: Scroll            |       |       |    10 ||    10
       Potion            |       |       |     1 ||     1
 Stab: Sleeping          |       |     2 |       ||     2
  Eat: Chunk             |     3 |    10 |     9 ||    22
       Fruit             |       |     2 |     1 ||     3
Armor: Skin              |    31 |    44 |    56 ||   131
Dodge: Dodged            |    98 |   103 |   163 ||   364
Block: Other             |       |       |     1 ||     1
